 Dungeon Crawl Stone Soup version 0.31.0-4-g52a2dc7128 (webtiles) character file.

Game seed: 12456557569121999849

23816 Goncyn the Fighter (level 12, -1/113 HPs)
             Began as a Minotaur Berserker on Jan 22, 2024.
             Was a High Priest of Trog.
             Slain by a hellephant (11 damage)
             ... on level 2 of the Abyss.
             The game lasted 02:13:24 (14092 turns).

Goncyn the Fighter (Minotaur Berserker)            Turns: 14092, Time: 02:13:24

Health: -1/113     AC: 24    Str: 25    XL:     12   Next: 75%
Magic:  8/8        EV:  8    Int:  7    God:    Trog [*****.]
Gold:   204        SH: 10    Dex:  8    Spells: 11/11 levels left

rFire   + . .        W - +8 war axe of Guej {holy, *Corrode Will+ Int+3 SInv Stlth+}
rCold   . . .        k - +0 kite shield
rNeg    . . .        Y - +2 plate armour {rF+}
rPois   +            (helmet restricted)
rElec   .            N - +0 cloak
rCorr   .            G - +0 pair of gloves
SInv    +            (no boots)
Will    +....        (no amulet) Stlth
                     B - ring "Noamosat" {rPois Stlth+}
HPRegen 0.00/turn    T - +4 ring of protection
MPRegen 0.11/turn

%: corrode self (3%)
@: about to teleport, sick
A: horns 2, retaliatory headbutt, [clumsy 2], [low MP 2]
a: Renounce Religion, Berserk, Trog's Hand, Brothers in Arms


You were on level 2 of the Abyss.
You worshipped Trog.
Trog was extremely pleased with you.
You visited 2 branches of the dungeon, and saw 13 of its levels.
You visited the Abyss 1 time.
You also visited: Bailey and Gauntlet.

You collected 911 gold pieces.
You spent 707 gold pieces at shops.

Inventory:

Hand Weapons
 z - the +4 short sword of Makhleb's Supremacy {vamp, *Rage Will++}
   (You found it on level 4 of the Dungeon)

   Will++:    It greatly increases your willpower.
   *Rage:     It berserks you when you make melee attacks (+20% chance).
 E - a +3 antimagic broad axe
 R - a +2 long sword of flaming
 W - the +8 war axe of Guej (weapon) {holy, *Corrode Will+ Int+3 SInv Stlth+}
   (You found it on level 10 of the Dungeon)

   Int+3:     It affects your intelligence (+3).
   Will+:     It increases your willpower.
   SInv:      It lets you see invisible.
   *Corrode:  It may corrode you when you take damage.
   Stlth+:    It makes you more stealthy.
Missiles
 b - 7 throwing nets
 e - 123 stones
 h - 16 poisoned darts (quivered)
 n - 3 darts of dispersal
 q - 7 boomerangs
 D - 5 javelins
 M - 3 atropa-tipped darts
Armour
 k - a +0 kite shield (worn)
 s - an orb of light
 G - a +0 pair of gloves (worn)
 N - a +0 cloak (worn)
 X - a scarf of shadows
 Y - a +2 plate armour of fire resistance (worn)
Jewellery
 o - an amulet of magic regeneration
 B - the ring "Noamosat" (left hand) {rPois Stlth+}
   (You found it on level 5 of the Dungeon)

   [ring of poison resistance]

   rPois:     It protects you from poison Stlth+: It makes you more stealthy.
 C - a ring of positive energy
 I - a +6 ring of intelligence
 L - the amulet of the Dull Apricot {RegenMP Will- Str+2 SInv}
   (You found it in a bailey)

   [amulet of magic regeneration]

   RegenMP:   It increases your rate of magic regeneration.
   Str+2:     It affects your strength (+2).
   Will-:     It decreases your willpower.
   SInv:      It lets you see invisible.
 O - a ring of flight
 T - a +4 ring of protection (right hand)
Wands
 l - a wand of acid (7)
 w - a wand of polymorph (6)
 H - a wand of flame (16)
 Z - a wand of mindburst (8)
Scrolls
 c - 9 scrolls of identify
 d - a scroll of poison
 f - a scroll of blinking {unknown}
 m - 2 scrolls of immolation
 p - a scroll of acquirement {unknown}
 r - 6 scrolls of teleportation
 t - 2 scrolls of vulnerability
 u - 2 scrolls of fear
 v - 2 scrolls of fog
 x - a scroll of silence {unknown}
 y - 2 scrolls of enchant weapon
 J - 5 scrolls of brand weapon
 K - 2 scrolls of summoning
 Q - a scroll of noise {unknown}
 S - a scroll of enchant armour {unknown}
Potions
 a - a potion of magic {unknown}
 g - a potion of invisibility {unknown}
 i - 3 potions of cancellation
 A - a potion of might {unknown}
 F - a potion of ambrosia {unknown}
 P - a potion of curing
 U - a potion of attraction {unknown}
 V - a potion of mutation {unknown}


   Skills:
 * Level 12.4 Fighting
 * Level 12.3 Axes
 - Level 6.0 Throwing
 * Level 12.1 Armour
 + Level 8.2 Dodging
 * Level 11.4 Shields


You had 11 spell levels left.
You didn't know any spells.
Your spell library was empty.

Dungeon Overview and Level Annotations

Branches:
Dungeon (11/15)            Temple (0/1) D:6            Lair (2/5) D:8
  Snake (0/4) Lair:2          Orc (0/2) D:9          Bailey (visited)
Gauntlet (visited)
  Swamp: Lair:2-3    Shoals: Lair:2-3

Altars:
Ashenzari
Fedhas
Kikubaaqudgha
Nemelex Xobeh
Okawaru
Ru
Trog
Vehumet
Wu Jian
Xom
Zin
The Shining One

Shops:
D:8 (=:   D:9 [   D:11 [

Annotations:
D:11 Gastronok
Lair:2 2 transporters, exclusions: 3 doors and oklob plant Gauntlet 11 transporters, 19 runed translucent doors


Innate Abilities, Weirdness & Mutations

You have a pair of horns on your head.
You reflexively headbutt those who attack you in melee.
[You are very clumsy. (Dex -4)]
[Your magical capacity is very low. (-20% MP)]


Message History

The hellephant trumpets!
The hellephant tramples you!
You stumble backwards!
The hellephant blinks!
The hellephant attacks as it pursues you!
The hellephant tramples you!
You stumble backwards!
The hellephant attacks as it pursues you!
The hellephant tramples you.
You stumble backwards!
The hellephant breathes flames at you. The blast of flame hits you! You resist.
A wretched star comes into view.
The wretched star pulses with an eldritch light!
You feel less energetic. x2
You feel better. The hellephant breathes flames at you.
The blast of flame hits you!!! You resist.
* * * LOW HITPOINT WARNING * * *
You feel much better.
As you read the scroll of teleportation, it crumbles to dust.
You feel strangely unstable.
You feel the power of the Abyss delaying your translocation!
A lurking horror comes into view.
The hellephant completely misses you. You furiously retaliate!
You headbutt the hellephant. The hellephant barely misses you. x2
The wretched star pulses with an eldritch light!
You feel clumsy. x2
You hit the hellephant but do no damage.
Your headbutt misses the hellephant.
The hellephant is lightly wounded.
You hit the ancient zyme. You closely miss the lurking horror.
The hellephant breathes flames at you. The blast of flame hits you!!
You resist.
* * * LOW HITPOINT WARNING * * *
The ancient zyme barely misses you. You furiously retaliate!
You headbutt the ancient zyme. You block the ancient zyme's attack.
Press: ? - help, v - describe, . - travel
Here: a lurking horror The floor.
Okay, then.
The hellephant tramples you!
You die...

... .. .. #.. ...
##.# ##.#### #
#...###...#.#..
.....#.........#
.
...........##..#.
#*@.....#. .#
##.Y.##..# ..#
##x*W##.# ..
##.#..##.# ##.
#.#.##*.# # .
#..ยง##.#..# ##
## .## Y.#....# .
..
#...##.#.#.#..# #
. ##.... # # .
....


You could see a hellephant (catching breath), 2 wretched stars, an ancient zyme,
a wraith and a lurking horror.

Vanquished Creatures
  2 hydras (Lair:2)
  2 two-headed ogres
  An orc high priest (D:10)
  An occultist (Gauntlet)
  Amaemon (Lair:1)
  An orc knight (Bailey)
  A deep elf pyromancer (Bailey)
  A cyclops (D:10)
  Maurice (D:8)
  An elephant (shapeshifter) (D:9)
  4 black mambas
  8 cane toads
  An orange demon (Lair:1)
  A smoke demon (Abyss:2)
  5 komodo dragons
  4 trolls
  Prince Ribbit (D:6)
  A polar bear (Lair:2)
  6 blink frogs
  A shadow (D:9)
  A vampire (D:10)
  A wraith (D:11)
  A basilisk (Lair:1)
  9 yaks
  2 wyverns
  A steam dragon (D:8)
  Menkaure (D:5)
  An acid dragon (D:11)
  9 water moccasins
  5 orc warriors
  6 black bears
  An ice beast (D:7)
  2 sky beasts (D:7)
  19 wolves
  2 centaurs
  3 ogres
  4 phantoms
  12 bullfrogs
  A kobold brigand (D:7)
  3 gnoll sergeants
  3 scorpions
  11 killer bees
  3 howler monkeys
  3 bombardier beetles
  9 orc priests
  2 gnoll boudas
  2 hounds
  A sleepcap (D:7)
  Jessica (D:2)
  An iguana (D:5)
  12 orc wizards
  6 hell rats (Lair:1)
  28 gnolls
  4 adders
  4 white imps
  8 ufetubi
  2 ribbon worms (D:2)
  36 orcs
  5 endoplasms
  5 giant cockroaches
  12 goblins
  8 hobgoblins
  5 quokkas
  2 ball pythons
  6 bats
  4 frilled lizards
  4 kobolds
  3 rats
318 creatures vanquished.

Vanquished Creatures (others)
  A human (D:4)
1 creature vanquished.

Grand Total: 319 creatures vanquished

Notes
Turn   | Place    | Note
-------+----------+-------------------------------------------
     0 | D:1      | Goncyn the Minotaur Berserker began the quest for the Orb.
     0 | D:1      | Reached XP level 1. HP: 19/19 MP: 0/0
   223 | D:1      | Reached XP level 2. HP: 22/27 MP: 1/1
   779 | D:2      | Reached XP level 3. HP: 10/33 MP: 2/2
  1295 | D:2      | Reached XP level 4. HP: 41/41 MP: 3/3
  1323 | D:2      | Noticed Jessica
  1327 | D:2      | Killed Jessica
  1660 | D:2      | Reached ** piety under Trog
  1661 | D:2      | Reached XP level 5. HP: 47/47 MP: 4/4
  1954 | D:3      | Reached skill level 1 in Shields
  2195 | D:3      | Found a blossoming altar of Fedhas.
  2281 | D:3      | Found a shimmering altar of Xom.
  2410 | D:3      | Noticed an ogre
  2414 | D:3      | Killed an ogre
  2415 | D:3      | Reached skill level 5 in Fighting
  2415 | D:3      | Reached XP level 6. HP: 56/56 MP: 5/5
  2580 | D:4      | Found an iron altar of Okawaru.
  2643 | D:4      | Reached skill level 5 in Axes
  2643 | D:4      | Reached skill level 1 in Throwing
  2808 | D:4      | Found a bloodstained altar of Trog.
  2812 | D:4      | Reached XP level 7. HP: 37/61 MP: 6/6
  3092 | D:4      | Identified the +4 short sword of Makhleb's Supremacy {vamp,
                  | *Rage Will++}
  3156 | D:4      | Found an ancient bone altar of Kikubaaqudgha.
  3156 | D:4      | Noticed a human
  3160 | D:4      | Killed a human
  3407 | D:5      | Entered Level 5 of the Dungeon
  3410 | D:5      | Identified the ring "Noamosat" {rPois Stlth+}
  3424 | D:5      | Reached skill level 5 in Armour
  3529 | D:5      | Noticed Menkaure
  3531 | D:5      | Killed Menkaure
  3533 | D:5      | Reached *** piety under Trog
  3778 | D:5      | Reached XP level 8. HP: 71/71 MP: 7/7
  4274 | D:6      | Found a radiant altar of Vehumet.
  4479 | D:6      | Found a staircase to the Ecumenical Temple.
  4537 | D:6      | Noticed Prince Ribbit
  4577 | D:6      | Killed Prince Ribbit
  5122 | D:7      | Reached skill level 5 in Shields
  5642 | D:7      | Reached XP level 9. HP: 78/79 MP: 8/8
  5941 | D:7      | Reached skill level 5 in Dodging
  6559 | D:7      | Reached **** piety under Trog
  6908 | D:8      | Found Noxt's Book Emporium.
  6921 | D:8      | Found Manuce's Jewellery Shoppe.
  6976 | D:8      | Found Kerphi Qalu's Weapon Shop.
  7102 | D:8      | Found a flagged portal.
  7160 | Bailey   | Entered a bailey
  7235 | Bailey   | Noticed an orc knight
  7302 | Bailey   | Killed an orc knight
  7303 | Bailey   | Reached XP level 10. HP: 58/90 MP: 9/9
  7460 | Bailey   | Found a large runed translucent door.
  7460 | Bailey   | Found a large runed translucent door.
  7461 | Bailey   | Noticed a deep elf pyromancer
  7502 | Bailey   | Killed a deep elf pyromancer
  7515 | Bailey   | Identified the amulet of the Dull Apricot {RegenMP Will-
                  | Str+2 SInv}
  7524 | Bailey   | Identified the +3 acid dragon scales of Liudiush {+Blink
                  | rCorr Int+2 Dex-5}
  7661 | D:8      | Found a sacrificial altar of Ru.
  7713 | D:8      | Found a glowing golden altar of the Shining One.
  7758 | D:8      | Found a staircase to the Lair.
  7979 | D:8      | Noticed Maurice
  7987 | D:8      | Maurice stole 549 gold
  7988 | D:8      | Killed Maurice
  8203 | D:8      | Bought a ring of flight for 227 gold pieces
  8264 | Lair:1   | Entered Level 1 of the Lair of Beasts
  8340 | Lair:1   | Noticed a cane toad
  8351 | Lair:1   | Killed a cane toad
  8576 | Lair:1   | Noticed a black mamba
  8595 | Lair:1   | Killed a black mamba
  8632 | Lair:1   | Noticed a cane toad
  8651 | Lair:1   | Noticed a cane toad
  8658 | Lair:1   | Killed a cane toad
  8659 | Lair:1   | Reached skill level 10 in Fighting
  8659 | Lair:1   | Reached XP level 11. HP: 55/99 MP: 10/10
  8828 | Lair:1   | Reached skill level 10 in Axes
  8828 | Lair:1   | Reached skill level 5 in Throwing
  9091 | Lair:1   | Noticed Amaemon
  9102 | Lair:1   | Killed Amaemon
  9110 | Lair:1   | Reached skill level 10 in Armour
 10249 | Lair:2   | Found a transporter.
 10286 | Lair:2   | Noticed an oklob plant
 10286 | Lair:2   | Found the +1 robe of Vines {NoPotionHeal Regen++++}
 10475 | Lair:2   | Reached skill level 10 in Shields
 10526 | Lair:2   | Found a staircase to the Snake Pit.
 10538 | Lair:2   | Noticed a four-headed hydra
 10552 | Lair:2   | Killed a four-headed hydra
 10571 | Lair:2   | Noticed a four-headed hydra
 10585 | Lair:2   | Killed a four-headed hydra
 10735 | Lair:2   | Reached ***** piety under Trog
 10736 | Lair:2   | Reached XP level 12. HP: 105/110 MP: 11/11
 10756 | Lair:2   | Found a transporter.
 11553 | D:9      | Found Mehuzeext's Armour Boutique.
 11566 | D:9      | Found a staircase to the Orcish Mines.
 11804 | D:9      | Found an ornate altar of the Wu Jian Council.
 11890 | D:9      | Noticed a two-headed ogre
 11900 | D:9      | Killed a two-headed ogre
 12262 | D:9      | Found a sparkling altar of Nemelex Xobeh.
 12377 | D:10     | Entered Level 10 of the Dungeon
 12381 | D:10     | Identified the +8 war axe of Guej {holy, *Corrode Will+
                  | Int+3 SInv Stlth+}
 12493 | D:10     | Found a broken altar of Ashenzari.
 12896 | D:10     | Found a transporter.
 12901 | D:10     | Found a transporter.
 12901 | D:10     | Noticed an orc high priest
 12922 | D:10     | Killed an orc high priest
 12922 | D:10     | Received a gift from Trog
 13371 | D:10     | Found a glowing silver altar of Zin.
 13428 | D:11     | Noticed a two-headed ogre
 13434 | D:11     | Killed a two-headed ogre
 13442 | D:11     | Found Vaxtel's Armour Shoppe.
 13450 | D:11     | Bought a +2 plate armour of fire resistance for 480 gold
                  | pieces
 13721 | D:11     | Noticed Gastronok
 13725 | D:11     | Found a gate leading to a gauntlet.
 13741 | Gauntlet | Entered a Gauntlet
 13741 | Gauntlet | Found a transporter.
 13741 | Gauntlet | Found a transporter.
 13741 | Gauntlet | Found a transporter.
 13799 | Gauntlet | Found a transporter.
 13809 | Gauntlet | Found a transporter.
 13824 | Gauntlet | Found a transporter.
 13826 | Gauntlet | Found a large runed translucent door.
 13827 | Gauntlet | Found a large runed translucent door.
 13828 | Gauntlet | Found a large runed translucent door.
 13828 | Gauntlet | Found a large runed translucent door.
 13828 | Gauntlet | Found a runed translucent door.
 13828 | Gauntlet | Found a runed translucent door.
 13829 | Gauntlet | Found a large runed translucent door.
 13830 | Gauntlet | Found a large runed translucent door.
 13831 | Gauntlet | Found a large runed translucent door.
 13831 | Gauntlet | Found a large runed translucent door.
 13832 | Gauntlet | Found a runed translucent gate.
 13832 | Gauntlet | Found a runed translucent gate.
 13832 | Gauntlet | Found a runed translucent gate.
 13834 | Gauntlet | Found a transporter.
 13834 | Gauntlet | Noticed a death scarab
 13843 | Gauntlet | Found a large runed translucent door.
 13843 | Gauntlet | Found a large runed translucent door.
 13844 | Gauntlet | Found a large runed translucent door.
 13845 | Gauntlet | Found a large runed translucent door.
 13849 | Gauntlet | Found a transporter.
 13855 | Gauntlet | Found a transporter.
 13869 | Gauntlet | Found a transporter.
 13882 | Gauntlet | Found a transporter.
 13886 | Gauntlet | Found a transporter.
 13905 | Gauntlet | Found a large runed translucent door.
 13906 | Gauntlet | Found a large runed translucent door.
 14007 | Abyss:2  | Cast into level 2 of the Abyss (an occultist)
 14068 | Abyss:2  | Noticed a rakshasa
 14074 | Abyss:2  | Noticed a hellephant
 14092 | Abyss:2  | Slain by a hellephant

Illustrated notes

Levels and vault maps discovered:
D:1:      dpeg_arrival_orchard, layout_loops_ring, palyth_stone_intersect
D:2:      layout_loops_corners, uniq_jessica
D:3:      wander_river, layout_basic, fedhas_altar_2,
          regret_index_xom_buried_treasure
D:4:      layout_cave_pools, mainiacjoe_overflow_six_doors_small,
          trog_three_pillars_becter, tgw_kikubaaqudgha,
          hangedman_minor_gate_pass
D:5:      layout_basic, uniq_menkaure
D:6:      layout_rooms, mainiacjoe_overflow_catwalk,
          minmay_temple_entry_large_hall, uniq_prince_ribbit1
D:7:      layout_loops_corners, minivault_19, blue_anna_alchemist
D:8:      layout_loops_ring, mainiacjoe_overflow_paths,
          mainiacjoe_overflow_cross_hatched, lair_entry_dummy, serial_shops,
          nicolae_shop_peninsula, shop, shop, enter_bailey_4, uniq_maurice
D:9:      layout_loops_ring, old_standard_altar, nemelex_spade_bored_becter,
          orc_david_3
D:10:     gammafunk_beogh_shrine, layout_small_grid, evilmike_ruin_ashenzari,
          kennysheep_little_box
D:11:     regret_index_infernal_bastille, layout_loops_corners, serial_shops,
          shop, gauntlet_entry_generic, minmay_hedge_maze,
          nicolae_kite_square_tiling_tiny, chequers_serial_rivers_marsh,
          uniq_gastronok
Lair:1:   layout_loops_ring, beast_lair_carwin_10, infiniplex_staircase_pool,
          grunt_megastairs_4, uniq_amaemon
Lair:2:   gammafunk_cloud_chamber, layout_cave_pods, dummy_snake_entry,
          hellmonk_guarded_unrand_vines
Abyss:2:  base: D:3, spicy_abyss_unhelpful_harpoons
Gauntlet: gammafunk_gauntlet_shortcut [gammafunk_gauntlet_arena_grid,
          nicolae_gauntlet_arena_blocks, gammafunk_gauntlet_arena_crates,
          nicolae_gauntlet_arena_t_cross,
          minmay_gauntlet_arena_make_your_own_arena,
          nicolae_gauntlet_arena_quarters, gauntlet_exit_watery]

Skill      XL: |  1  2  3  4  5  6  7  8  9 10 11 12 |
---------------+-------------------------------------+-----
Fighting       | 4 5 6 7 8 10 11 12 | 12.4
Axes           | 4 5 6 7 8 9 11 12 | 12.3
Armour         | 3 4 5 6 8 9 10 12 | 12.1
Dodging        | 3 4 5 6 7 8 |  8.2
Shields        | 1 2 4 5 7 8 10 11 | 11.4
Throwing       | 1 2 3 4 5 6 |  6.0

Action                     |  1- 3 |  4- 6 |  7- 9 | 10-12 || total
---------------------------+-------+-------+-------+-------++-------
  Melee: Hand axe          |    57 |   142 |    55 |       ||   254
         Headbutt          |     9 |    20 |    61 |   113 ||   203
         War axe           |       |       |   272 |   498 ||   770
         Short sword       |       |       |       |    13 ||    13
         Broad axe         |       |       |       |     1 ||     1
  Throw: Dart              |     4 |     3 |    14 |    21 ||    42
         Boomerang         |       |       |     5 |       ||     5
 Invoke: Berserk           |     1 |     2 |     7 |     6 ||    16
         Trog's Hand       |       |       |       |     1 ||     1
  Evoke: Wand              |       |     1 |       |       ||     1
    Use: Scroll            |       |     2 |     6 |     6 ||    14
         Potion            |       |       |       |     4 ||     4
   Stab: Sleeping          |       |       |     3 |       ||     3
 Armour: Animal skin       |    13 |       |       |       ||    13
         Leather armour    |    11 |       |       |       ||    11
         Ring mail         |       |    49 |   221 |     3 ||   273
         Chain mail        |       |    18 |       |   369 ||   387
         Plate armour      |       |       |       |    42 ||    42
  Dodge: Dodged            |    37 |    50 |   135 |   206 ||   428
  Block: Kite shield       |     1 |    42 |   191 |   271 ||   505
